 Dungeon Crawl Stone Soup version 0.20.1-1-g8b1a95d (console) character file.

701 Kloppie the Chopper (level 7, -5/61 (62) HPs)
             Began as a Ghoul Fighter on July 22, 2017.
             Slain by vlindergert's ghost (9 damage)
             ... on level 5 of the Dungeon.
             The game lasted 00:05:38 (3470 turns).

Kloppie the Chopper (Ghoul Fighter)                 Turns: 3470, Time: 00:05:39

HP:   -5/61 (62)    AC: 13    Str: 20    XL:     7   Next: 66%
MP:   6/6           EV:  5    Int:  3    God:
Gold: 260           SH:  0    Dex: 10    Spells: 6/6 levels left

rFire    . . .     SeeInvis .   a - +2 war axe
rCold    + . .     Gourm    .   (no shield)
rNeg     + + +     Faith    +   u - +0 plate armour
rPois    ∞         Spirit   .   s - +0 helmet
rElec    .         Reflect  .   (no cloak)
rCorr    .         Harm     .   j - +0 pair of gloves
MR       .....                  (no boots)
Stlth    ..........             i - amulet of faith
Regen    0.0/turn               (no ring)
MPRegen  0.1/turn               (no ring)

@: rotting
A: rotting body, claws 1, carnivore 3, cold resistance 1, negative energy
resistance 3, inhibited regeneration, torment resistance, unbreathing
a: no special abilities


You were on level 5 of the Dungeon.
You were not hungry.

You visited 1 branch of the dungeon, and saw 5 of its levels.

You collected 260 gold pieces.

Inventory:

Hand Weapons
 a - a +2 war axe (weapon)
Armour
 c - a +0 shield
 j - a +0 pair of gloves (worn)
 s - a +0 helmet (worn)
 u - a +0 plate armour (worn)
Jewellery
 i - an amulet of faith (around neck)
 A - an uncursed amulet of guardian spirit {unknown}
Wands
 b - a wand of digging (12/24)
 d - a wand of polymorph (18/24)
 w - a wand of scattershot (6/9)
Scrolls
 k - a scroll of remove curse
 m - a scroll of recharging
 o - a scroll of amnesia
 y - 3 scrolls of teleportation
Potions
 e - 5 potions of curing {unknown}
 g - a potion of brilliance {unknown}
 l - 2 potions of magic {unknown}
 n - a potion of haste {unknown}
 p - a potion of cancellation {unknown}
 q - a potion of berserk rage {unknown}
 r - a potion of might
 t - a potion of mutation {unknown}
 v - a potion of lignification {unknown}
 x - a potion of resistance {unknown}
Comestibles
 f - 4 meat rations
 h - 3 royal jellies


   Skills:
 - Level 5.6 Fighting
 + Level 6.5 Axes
 - Level 2.7 Armour
 - Level 2.6 Shields


You had 6 spell levels left.
You didn't know any spells.

Dungeon Overview and Level Annotations

Branches:
Dungeon (5/15)
 Temple: D:4-7

Altars:

Annotations:
D:3 xash's ghost, amateur FoFi
D:5 vlindergert's ghost, novice MiFi


Innate Abilities, Weirdness & Mutations

Your body is rotting away.
You thrive on raw meat.
You are immune to poison.
You have sharp fingernails.
You are carnivorous and can eat meat at any time.
Your flesh is cold resistant. (rC+)
You are immune to negative energy. (rN+++)
You do not regenerate when monsters are visible.
You are immune to unholy pain and torment.
You can survive without breathing.


Message History

Your plate armour prevents you from hitting vlindergert's ghost.
Vlindergert's ghost is severely damaged.
Vlindergert's ghost hits you but does no damage.
You hit vlindergert's ghost.
Vlindergert's ghost is severely damaged.
Vlindergert's ghost hits you but does no damage.
You hit vlindergert's ghost but do no damage.
Vlindergert's ghost is severely damaged.
Vlindergert's ghost barely misses you.
You hit vlindergert's ghost but do no damage.
Vlindergert's ghost is severely damaged.
Vlindergert's ghost hits you!
* * * LOW HITPOINT WARNING * * *
Vlindergert's ghost lets out a mournful wail.
Vlindergert's ghost hits you.
* * * LOW HITPOINT WARNING * * *
Okay, then.
There is a stone staircase leading up here.
Vlindergert's ghost hits you!
You die...

#####.###########.## ...
#.........##.......# # #.#
#.......%.##.####..##### #.##$#
#.........##.#.........# #.....
#.....[...##........##.# #.#
#...................##.# #.#
#.........##.#.##...##.#######.#
#.........##.#.###.............#
#.........##.#.@W......#########
#.........##........####
####################


You could see vlindergert's ghost.

Vanquished Creatures
  Sigmund (D:2)
  2 phantoms (D:4)
  Blork the orc (D:4)
  A hound (D:4)
  2 orc wizards (D:4)
  A worker ant (D:4)
  Robin (D:2)
  8 adders
  3 oozes
  2 dart slugs
  A leopard gecko (D:3)
  7 orcs
  7 bats
  9 giant cockroaches
  18 goblins
  5 hobgoblins
  2 jackals (D:1)
  5 quokkas
  2 ball pythons
  A ball python skeleton (D:4)
  4 frilled lizards
  10 kobolds
  A quokka skeleton (D:4)
  8 rats
  A bush (D:3)
  2 plants (D:3)
105 creatures vanquished.

Notes
Turn   | Place    | Note
-------+----------+-------------------------------------------
     0 | D:1      | Kloppie the Ghoul Fighter began the quest for the Orb.
     0 | D:1      | Reached XP level 1. HP: 19/19 MP: 0/0
   159 | D:1      | Reached skill level 2 in Axes
   191 | D:1      | Reached XP level 2. HP: 9/26 MP: 1/1
   583 | D:1      | Reached XP level 3. HP: 28/33 MP: 2/2
  1284 | D:2      | Reached XP level 4. HP: 41/41 MP: 3/3
  1305 | D:2      | Noticed Robin
  1316 | D:2      | Reached skill level 3 in Axes
  1341 | D:2      | Killed Robin
  1430 | D:2      | Noticed Sigmund
  1439 | D:2      | Killed Sigmund
  1439 | D:2      | Reached skill level 5 in Fighting
  1439 | D:2      | Reached skill level 4 in Axes
  1439 | D:2      | Reached XP level 5. HP: 24/48 MP: 4/4
  1439 | D:2      | Reached XP level 6. HP: 28/56 MP: 5/5
  2214 | D:3      | Noticed xash's ghost (amateur FoFi)
  2274 | D:4      | Reached skill level 5 in Axes
  2506 | D:4      | Noticed a phantom
  2531 | D:4      | Killed a phantom
  2531 | D:4      | Reached XP level 7. HP: 29/62 MP: 6/6
  2639 | D:4      | Noticed Blork the orc
  2649 | D:4      | Killed Blork the orc
  2649 | D:4      | Reached skill level 6 in Axes
  3377 | D:5      | Entered Level 5 of the Dungeon
  3435 | D:5      | Noticed vlindergert's ghost (novice MiFi)
  3470 | D:5      | Slain by vlindergert's ghost

Skill      XL: |  1  2  3  4  5  6  7 |
---------------+----------------------+-----
Axes           | 2 4 5 6 |  6.5
Fighting       | 4 5 |  5.6
Armour         | |  2.7
Shields        | |  2.6

Action                   |  1- 3 |  4- 6 |  7- 9 || total
-------------------------+-------+-------+-------++-------
Melee: War axe           |   107 |   262 |    74 ||   443
  Use: Potion            |       |     1 |       ||     1
       Scroll            |       |     7 |     3 ||    10
  Eat: Chunk             |     2 |     8 |     4 ||    14
Armor: Scale mail        |    71 |    23 |       ||    94
       Plate armour      |       |   227 |    46 ||   273
Dodge: Dodged            |    61 |   123 |    21 ||   205
